cohdb
Replays
Latest Replays
All Replays
Popular Replays
Top Player Replays
Match Explorer
How It Works
Community
CoH3 Stats
Reddit
Sign in to upload your games and track your stats! →
Sign in with Steam
Match 45373895
Unlisted
Match 45373895
Overview
Messages
Build Orders
End
Construct Infanterie Kompanie
Kettenkrad Recon Vehicle
MG 42 Machine Gun Team
Grenadier Squad
Grenadier Squad
GrW 34 Mortar Team
Construct Panzergrenadier Kompanie
Selects Terror Battlegroup
Selects Interrogate
Selects Machine Gun Camouflage
251 Medium Carrier
Support Elements
Nebelwerfer 42 Rocket Launcher Team
StuG III G Assault Gun
Panzergrenadier Squad
Selects No Quarter
Panzergrenadier Squad
Panzergrenadier Officer Quarters
Selects Propaganda Leaflet Drop
StuG III G Assault Gun
Sniper
Dusty
Tony Horton Pro Skater
daspoulos
Phan
MrBlueSteel
cumsader
0
0
Comments
sign in to comment!
No comments posted yet!